 Dungeon Crawl Stone Soup version 0.18.1-47-g9310371 (webtiles) character file.

158 MistressOfTheDunes the Insei (level 5, -6/42 HPs)
             Began as a Mummy Monk on June 23, 2016.
             Mangled by an ogre
             ... wielding a +0 giant club
              (25 damage)
             ... on level 3 of the Dungeon.
             The game lasted 00:06:56 (4839 turns).

MistressOfTheDunes the Insei (Mummy Monk)           Turns: 4839, Time: 00:06:57

Health: -6/42      AC:  2    Str: 14    XL:     5   Next: 16%
Magic:  5/5        EV: 13    Int: 10    God:
Gold:   89         SH:  0    Dex: 15    Spells: 0 memorised, 4 levels left

rFire  x . .     SeeInvis .       - Unarmed
rCold  + . .     Gourm    .     (no armour)
rNeg   + + +     Faith    .     (no shield)
rPois  ∞         Spirit   .     f - +1 helmet
rElec  .         Dismiss  .     (no cloak)
rCorr  .         Reflect  .     (no gloves)
SustAt +         Harm     .     (no boots)
MR     .....                    (no amulet)
Stlth  ++........               (no ring)
                                c - ring of sustain attributes

@: not resistant to hostile enchantments, unstealthy
A: no food or potions, fire vulnerability, cold resistance 1, negative energy
resistance 3, torment resistance, unbreathing
a: no special abilities


You were on level 3 of the Dungeon.
You were not hungry.

You visited 1 branch of the dungeon, and saw 3 of its levels.

You collected 89 gold pieces.


Innate Abilities, Weirdness & Mutations

You do not eat or drink.
Your flesh is vulnerable to fire.
You are immune to poison.
Your flesh is cold resistant.
You are immune to negative energy.
You are immune to unholy pain and torment.
You can survive without breathing.


   Skills:
 + Level 3.8 Fighting
 - Level 2.4 Dodging
 - Level 1.5 Stealth
 - Level 5.0 Unarmed Combat


You had 4 spell levels left.
You didn't know any spells.

Inventory:

Armour
 f - a +1 helmet (worn)
Jewellery
 c - a ring of sustain attributes (left hand)
Scrolls
 a - 3 scrolls of identify {@r1}
 d - a scroll of teleportation {@r4}
 e - 3 scrolls of magic mapping
 g - a scroll of blinking
Comestibles
 b - 4 fruits (quivered)

Dungeon Overview and Level Annotations

Branches:
Dungeon (3/15)

Altars:

▒▒▒▒▒.▒▒▒▒▒▒▒▒.▒
............▒
▒.......▒▒▒▒
▒▒▒▒▒▒▒.▒▒▒ ▒.▒gO ▒
▒.▒.% ▒ ▒▒▒.▒g.
▒▒▒▒▒▒ ▒
▒▒▒▒▒▒▒...▒▒'▒▒....▒
▒
▒.......▒.▒▒gOM.▒.▒▒
▒▒.▒▒▒..▒.▒▒▒▒▒▒▒.▒
▒..▒.▒ ▒.▒
▒..▒.▒▒▒▒▒▒▒.▒▒▒
▒..▒.....).....▒
▒▒▒▒▒▒..▒▒▒▒▒▒▒▒▒.▒.▒
▒.......▒<▒.......▒.▒
▒▒▒▒▒▒▒.▒.▒.▒▒▒▒▒▒▒.▒
▒.▒...▒ ▒.▒


You could see an ogre and 2 goblins.


Message History

You pulverise the ogre but do no damage!
The ogre is lightly wounded!
A goblin comes into view!
You pulverise the ogre!
The ogre is moderately wounded!
The ogre misses you!
You barely miss the ogre!
The ogre is moderately wounded!
The goblin moves out of view!
The ogre completely misses you!
You pulverise the ogre!!!
The ogre is heavily wounded!
The ogre barely misses you!
You pulverise the ogre!
The ogre is heavily wounded!
You pummel the ogre like a punching bag!
The ogre is severely wounded!
The ogre hits you with a giant club!!!!!!
DANG * * * don't die
* * * You hear a shout!!!
You barely miss the ogre!
The ogre is severely wounded!
The ogre closely misses you!
You squash the ogre like an ant!
The ogre is almost dead!
You barely miss the ogre!
The ogre is almost dead!
The ogre hits you with a giant club!!!!!!
DANG rip

Action                   |  1- 3 |  4- 6 || total
-------------------------+-------+-------++-------
Melee: Unarmed           |   162 |   172 ||   334
       Punch             |     1 |     2 ||     3
  Use: Scroll            |       |     5 ||     5
 Stab: Sleeping          |     1 |     2 ||     3
       Distracted        |     1 |       ||     1
Armor: Skin              |       |    14 ||    14
Dodge: Dodged            |   102 |   108 ||   210

Vault maps used:
D:1:      dpeg_arrival_court
D:2:      uniq_robin
D:3:      nicolae_overflow_hidden_temple, marbit_many_paths,
          minmay_ogre_servants

Notes
Turn   | Place    | Note
--------------------------------------------------------------
     0 | D:1      | MistressOfTheDunes the Mummy Monk began the quest for the Orb.
     0 | D:1      | Reached XP level 1. HP: 18/18 MP: 1/1
   110 | D:1      | Reached XP level 2. HP: 19/24 MP: 2/2
   600 | D:1      | Reached skill level 4 in Unarmed Combat
   936 | D:1      | Reached XP level 3. HP: 15/29 MP: 3/3
  1425 | D:2      | Noticed Robin
  2303 | D:1      | Killed Robin
  2712 | D:2      | Reached XP level 4. HP: 22/35 MP: 4/4
  3869 | D:3      | Reached skill level 5 in Unarmed Combat
  3965 | D:3      | Noticed a crocodile
  4485 | D:3      | Reached XP level 5. HP: 38/41 MP: 5/5
  4805 | D:3      | Noticed an ogre
  4839 | D:3      | Mangled by an ogre

Vanquished Creatures
  Robin (D:1)
  5 adders
  A dart slug (D:1)
  4 giant geckos
  3 orcs (D:3)
  A ball python (D:1)
  5 bats
  5 giant cockroaches
  10 hobgoblins
  9 jackals
  A quokka (D:2)
  4 giant newts
  20 goblins
  6 kobolds
  10 rats
85 creatures vanquished.
